 Dungeon Crawl Stone Soup version 0.31-a0-210-gccc998df9b (webtiles) character file.

Game seed: 14546822914594257966

80 qw the Shooter (level 4, -6/26 HPs)
             Began as a Gargoyle Hexslinger on June 30, 2023.
             Mangled by a hell rat (12 damage)
             ... in a sewer.
             The game lasted 00:00:40 (2029 turns).

qw the Shooter (Gargoyle Hexslinger)                Turns: 2029, Time: 00:00:41

Health: -6/26      AC:  8    Str: 11    XL:     4   Next: 39%
Magic:  5/5        EV: 10    Int: 14    God:
Gold:   128        SH:  0    Dex: 14    Spells: 4/5 levels left

rFire   . . .        Y - +1 sling
rCold   . . .        (no shield)
rNeg    + . .        g - +0 ring mail
rPois   inf          (no helmet)
rElec   +            (no cloak)
rCorr   .            (no gloves)
SInv    +            (no boots)
Will    .....        (no amulet)
Stlth   +            b - ring of see invisible
HPRegen 0.24/turn    (no ring)
MPRegen 0.09/turn

%: no passive effects
@: no status effects
A: sickness immunity, AC +3, negative energy resistance 1, electricity
resistance, torment resistance 1, petrification resistance
a: no special abilities


You were in a sewer.
You visited 1 branch of the dungeon, and saw 3 of its levels.
You also visited: Sewer.

You collected 128 gold pieces.


Innate Abilities, Weirdness & Mutations

You are immune to sickness and miasma.
Your stone body is resilient. (AC +3)
You are immune to poison.
You resist negative energy. (rN+)
You are resistant to electric shocks. (rElec)
You are resistant to unholy torment.
You are immune to petrification.


   Skills:
 - Level 2.0 Fighting
 - Level 4.0 Ranged Weapons
 + Level 0.8 Armour
 - Level 1.5 Dodging
 - Level 1.0 Spellcasting
 - Level 2.6 Hexes


You had 4 spell levels left.
You knew the following spells:

 Your Spells              Type           Power      Damage    Failure   Level
a - Slow                  Hex            32%        N/A       22%         1

Your spell library contained the following spells:

 Spells                   Type           Power      Damage    Failure   Level
 Inner Flame              Hex/Fire       4%         N/A       73%         3
 Portal Projectile        Hex/Tloc       8%         N/A       73%         3
 Cause Fear               Hex            4%         N/A       91%         4

Inventory:

Hand Weapons
 Y - a +1 sling (weapon)
Armour
 g - a +0 ring mail (worn)
Jewellery
 b - a ring of see invisible (left hand)
Potions
 h - a potion of heal wounds

Dungeon Overview and Level Annotations

Branches:
Dungeon (3/15)              Sewer (1/1)

Altars:


Message History

The river rat is almost dead.
You shoot a sling bullet.
The sling bullet hits the river rat but does no damage.
The river rat is almost dead.
The river rat bites you.
You shoot a sling bullet.
The sling bullet barely misses the river rat.
The rat barely misses you. The river rat closely misses you.
You shoot a sling bullet. The sling bullet hits the river rat.
You kill the river rat!
The rat closely misses you.
You shoot a sling bullet.
The sling bullet hits the rat but does no damage.
The rat bites you but does no damage. The rat barely misses you.
You shoot a sling bullet. The sling bullet hits the rat.
You kill the rat!
You start resting.
HP restored.
You enter the shallow water.
Moving in this stuff is going to be slow.
You see here a river rat corpse.
You open the door.
A hell rat comes into view.
The hell rat roars deafeningly!
Found five items.
Found a gate leading back out of this place.
2026 ||| Stepping ~*~*~tactically~*~*~ (water).
There is an open door here.
You shoot a sling bullet.
The sling bullet barely misses the hell rat.
The hell rat bites you! The hell rat barely misses you.
You shoot a sling bullet. The sling bullet hits the hell rat.
The hell rat is moderately wounded.
The hell rat barely misses you.
You shoot a sling bullet.
The sling bullet barely misses the hell rat.
The hell rat bites you!
Ouch! That really hurt!
The hell rat bites you!
You die...

###.~~\~~~###
###~.~.~\~~~~.#
#.~~~.#####~~.~~
##~~~###?\!###.~.
#~~.##~??!!!~##~~
#.~~#~.~~~~.~~# ~
#~..##.~~~~~. ~
##.~.###~r.# ...
#~~..%##@##...~.
###.~.%%~.~...#
###~.~~~..###
#########


You could see a hell rat.

Vanquished Creatures
  An adder (D:2)
  3 river rats (Sewer)
  A worm (D:2)
  2 bats (D:2)
  5 endoplasms
  A giant cockroach (D:3)
  4 goblins (D:1)
  5 hobgoblins
  2 kobolds
  A quokka (D:1)
  7 ball pythons
  A frilled lizard (D:1)
  8 rats
41 creatures vanquished.

Notes
Turn   | Place    | Note
-------+----------+-------------------------------------------
     0 | D:1      | qw the Gargoyle Hexslinger began the quest for the Orb.
     0 | D:1      | Reached XP level 1. HP: 12/12 MP: 2/2
     0 | D:1      | 0 ||| qw: Version: 0.3-a-26-gee661ec
     0 | D:1      | 0 ||| qw: Game counter: 7215
     0 | D:1      | 0 ||| qw: Melee chars always use a shield: true
     0 | D:1      | 0 ||| qw: God list: Okawaru
     0 | D:1      | 0 ||| qw: Allow faded altars: false
     0 | D:1      | 0 ||| qw: Do Orc after clearing Dungeon:15 true
     0 | D:1      | 0 ||| qw: Do second Lair branch before Depths: true
     0 | D:1      | 0 ||| qw: Lair rune preference: random
     0 | D:1      | 0 ||| qw: Goals: Normal
     0 | D:1      | 0 ||| PLANNING D:1-11
   209 | D:1      | Reached XP level 2. HP: 16/16 MP: 3/3
   357 | D:1      | Found a faded altar of an unknown god.
   587 | D:1      | Reached skill level 3 in Ranged Weapons
   969 | D:1      | 969 ||| UPGRADING to +0 ring mail.
   979 | D:1      | 979 ||| DROPPING +0 robe.
   980 | D:1      | 980 ||| READING scroll labelled RYZOGR ULAUT.
   981 | D:1      | 981 ||| READING scroll labelled KOOBBIR XUTAGH.
   982 | D:1      | 982 ||| READING scroll labelled PETUKI AROCH.
   985 | D:1      | 985 ||| DROPPING scroll of poison.
  1067 | D:2      | Reached XP level 3. HP: 21/21 MP: 4/4
  1823 | D:2      | 1823 ||| UPGRADING to ring of see invisible.
  1824 | D:2      | 1824 ||| DROPPING ring of magical power.
  1825 | D:2      | 1825 ||| READING scroll labelled KUSYNENOAG.
  1826 | D:2      | 1826 ||| DRINKING 2 sapphire potions.
  1827 | D:2      | 1827 ||| DRINKING 2 amethyst potions.
  1828 | D:2      | 1828 ||| DROPPING potion of magic.
  1849 | D:3      | 1849 ||| PLANNING SEWER
  1866 | D:3      | Found a glowing drain.
  1878 | Sewer    | Entered a sewer
  1887 | Sewer    | 1887 ||| Stepping ~*~*~tactically~*~*~ (water).
  1892 | Sewer    | 1892 ||| Stepping ~*~*~tactically~*~*~ (water).
  1919 | Sewer    | Reached XP level 4. HP: 25/26 MP: 5/5
  1932 | Sewer    | Reached skill level 4 in Ranged Weapons
  2026 | Sewer    | 2026 ||| Stepping ~*~*~tactically~*~*~ (water).
  2029 | Sewer    | HP: 6/26 [hell rat (13)]
  2029 | Sewer    | Mangled by a hell rat

Levels and vault maps discovered:
D:1:      co_arrival_random_square_maze, layout_loops_ring, serial_forest,
          infiniplex_forest_corner_1, infiniplex_forest_straight_4,
          infiniplex_forest_pool, infiniplex_forest_3_way,
          infiniplex_forest_lined_room_3, infiniplex_forest_straight_2,
          nicolae_ecumenical_snake_handling
D:2:      layout_loops_corners
D:3:      layout_loops_corners, lemuel_round_altar,
          cheibrodos_sewer_entry_drain, uniq_sigmund
Sewer:    sewer_hellmonk_bad_rat

Skill      XL: |  1  2  3  4 |
---------------+-------------+-----
Ranged Weapons | 3 4 |  4.0
Fighting       | 2 |  2.0
Armour         | |  0.8
Dodging        | |  1.5
Spellcasting   | |  1.0
Hexes          | |  2.6

Action                     |  1- 3 |  4- 6 || total
---------------------------+-------+-------++-------
   Fire: Sling             |   150 |    22 ||   172
    Use: Scroll            |     4 |       ||     4
         Potion            |     2 |       ||     2
 Armour: Robe              |     6 |       ||     6
         Ring mail         |    25 |     4 ||    29
  Dodge: Dodged            |    35 |     8 ||    43

Table legend:
 A = Non-vault XP
 B = Vault XP
 C = Vault XP percentage of total XP
 D = Non-vault monster count
 E = Vault monster count
 F = Vault count percentage of total count
                 A         B        C        D         E       F
            +---------+---------+-------+---------+---------+-------
      Total |      64 |      51 |  44.3 |      28 |      13 |  31.7
            +---------+---------+-------+---------+---------+-------
        D:1 |      28 |       3 |   9.7 |      16 |       3 |  15.8
        D:2 |      36 |       0 |   0.0 |      12 |       0 |   0.0
        D:3 |       0 |       3 | 100.0 |       0 |       2 | 100.0
      Sewer |       0 |      45 | 100.0 |       0 |       8 | 100.0
            +---------+---------+-------+---------+---------+-------
